 Dungeon Crawl Stone Soup version 0.30.0-11-gf55b779eaf (webtiles) character file.

Game seed: 11258095423208173359

14 AlmostDecent the Trooper (level 2, 24/24 HPs)
             Began as a Demonspawn Fighter on May 17, 2023.
             Was a Follower of Yredelemnul.
             Quit the game on level 1 of the Dungeon.
             The game lasted 00:02:32 (180 turns).

AlmostDecent the Trooper (Demonspawn Fighter)        Turns: 180, Time: 00:02:33

Health: 24/24      AC:  6    Str: 16    XL:     2   Next: 31%
Magic:  2/2        EV:  8    Int: 11    God:    Yredelemnul [*.....]
Gold:   22         SH:  4    Dex: 12    Spells: 1/1 levels left

rFire   . . .        a - +0 war axe
rCold   . . .        c - +0 buckler
rNeg    . . .        b - +0 scale mail
rPois   .            (no helmet)
rElec   .            (no cloak)
rCorr   .            (no gloves)
SInv    .            (no boots)
Will    .....        (no amulet) Stlth
                     (no ring)
HPRegen 0.24/turn    (no ring)
MPRegen 0.08/turn

%: no passive effects
@: no status effects
A: big brain 1
a: Renounce Religion, Recall Undead Harvest


You were on level 1 of the Dungeon.
You worshipped Yredelemnul.
Yredelemnul was noncommittal.
You visited 1 branch of the dungeon, and saw 1 of its levels.

You collected 22 gold pieces.

Inventory:

Hand Weapons
 a - a +0 war axe (weapon)
Armour
 b - a +0 scale mail (worn)
 c - a +0 buckler (worn)
Scrolls
 e - a scroll of poison {unknown}
 f - a scroll of enchant weapon {unknown}
 g - a scroll of identify {unknown}
Potions
 d - a potion of might


   Skills:
 + Level 3.0 Fighting
 + Level 2.0 Axes
 + Level 2.9 Armour
 + Level 3.0 Shields


You had one spell level left.
You didn't know any spells.
Your spell library was empty.

Dungeon Overview and Level Annotations

Branches:
Dungeon (1/15)

Altars:
Yredelemnul


Innate Abilities, Weirdness & Mutations

You have an unusually large brain. (Int +2)


Message History

You closely miss the ball python. The ball python barely misses you.
The ball python constricts you. The ball python barely misses you.
The ball python constricts you.
You slash the ball python!
You kill the ball python!
No target in view!
No target in view!
You see here a ball python corpse.
Found a leather armour.
A frilled lizard comes into view.
The frilled lizard hisses angrily.
A quokka comes into view.
You block the frilled lizard's attack.
You barely miss the frilled lizard.
The frilled lizard bites you but does no damage.
You block the quokka's attack. The frilled lizard barely misses you.
You closely miss the quokka. You slash the frilled lizard!
You kill the frilled lizard!
The quokka barely misses you. You block the quokka's attack.
You barely miss the quokka.
The quokka bites you but does no damage.
You hit the quokka.
The quokka is moderately wounded.
The quokka barely misses you. The quokka bites you.
You slash the quokka!
You kill the quokka!
No target in view!
No target in view!
Found a faded altar of an unknown god.
g - a scroll labelled WETOQ VIPPOSOSA A bat comes into view.
Found a scroll labelled OZENKY ISOMU.
You now have 22 gold pieces (gained 10).
There is a faded altar of an unknown god here.
No target in view!
This altar belongs to (a) Gozag, (b) Lugonu or (c) Yredelemnul, but you can't tell which.
Press the corresponding letter to learn more about a god, or press enter to convert or escape to cancel.
Yredelemnul accepts your prayer! Yredelemnul welcomes you!
You can now reap souls.
You can now recall your undead harvest.
Are you sure you want to abandon this character and quit the game? (Confirm with "yes".)

#.# #.# ####. #.#
..?. #.#
..####..###.##
............Z
.....#.....Z#
..#...#.....@#
.#.#...#.....Z#.#
.............Z..#
#####...[..........#
...##.....#..#...#.#
..........#..#...#.#
.#.##.###.#..#...#.#
.................$..
.........#.........#


You could see a friendly adder zombie and 3 friendly quokka zombies.

Vanquished Creatures
  2 endoplasms (D:1)
  A goblin (D:1)
  3 jackals (D:1)
  2 quokkas (D:1)
  2 ball pythons (D:1)
  2 frilled lizards (D:1)
  A rat (D:1)
13 creatures vanquished.

Notes
Turn   | Place    | Note
-------+----------+-------------------------------------------
     0 | D:1      | AlmostDecent the Demonspawn Fighter began the quest for the
                  | Orb.
     0 | D:1      | Reached XP level 1. HP: 18/18 MP: 1/1
    75 | D:1      | Gained mutation: You have an unusually large brain. (Int
                  | +2) [demonic ancestry]
    75 | D:1      | Reached XP level 2. HP: 23/24 MP: 2/2
   169 | D:1      | Found a faded altar of an unknown god.
   179 | D:1      | Prayed at the altar of an unknown god.
   179 | D:1      | Became a worshipper of Yredelemnul the Dark
   179 | D:1      | Reached * piety under Yredelemnul
   180 | D:1      | Quit the game

Illustrated notes

Levels and vault maps discovered:
D:1:      scummos_arrival_forest, layout_loops_ring,
          hellmonk_ecumenical_altar_lost_god

Skill      XL: |  1  2 |
---------------+-------+-----
Axes           | 2 |  2.0
Shields        | 3 |  3.0
Fighting       | |  3.0
Armour         | |  2.9

Action                     || total
---------------------------++-------
  Melee: War axe           ||    28
 Armour: Scale mail        ||    12
  Dodge: Dodged            ||    15
  Block: Buckler           ||     5
